 Dungeon Crawl Stone Soup version 0.29-a0-231-g945431f764 (webtiles) character file.

Game seed: 1168251888854631072

7672 funkygono the Arsonist (level 11, -7/56 HPs)
             Began as a Gargoyle Fire Elementalist on Feb 28, 2022.
             Was a Believer of Vehumet.
             Mangled by Maggie
             ... wielding a +1 vorpal scimitar
              (13 damage)
             ... on level 10 of the Dungeon.
             The game lasted 00:19:37 (12678 turns).

funkygono the Arsonist (GrFE)                      Turns: 12678, Time: 00:19:38

Health: -7/56      AC: 14    Str: 13    XL:     11   Next: 18%
Magic:  0/24       EV: 12    Int: 19    God:    Vehumet [**....]
Gold:   415        SH:  0    Dex: 10    Spells: 9/29 levels left

rFire   . . .      SeeInvis .   i - +5 whip
rCold   . . .      Faith    .   (no shield)
rNeg    + . .      Spirit   .   a - +0 robe
rPois   ∞          Reflect  .   r - +2 hat
rElec   +          Harm     .   t - scarf {repulsion}
rCorr   .          Rampage  .   (no gloves)
Will    ++...                   B - +1 pair of boots
Stlth   ++........              G - amulet of regeneration
HPRegen 0.98/turn               u - ring of willpower
MPRegen 0.19/turn               E - ring of willpower

@: repel missiles
A: sickness immunity, AC +8, negative energy resistance 1, electricity
resistance, torment resistance 1, petrification resistance
a: Renounce Religion


You were on level 10 of the Dungeon.
You worshipped Vehumet.
Vehumet was pleased with you.
You visited 2 branches of the dungeon, and saw 11 of its levels.

You collected 532 gold pieces.
You spent 117 gold pieces at shops.

Inventory:

Hand Weapons
 i - a +5 whip (weapon)
 p - a +4 mace
Missiles
 g - 264 stones
Armour
 a - a +0 robe (worn)
 b - a +0 leather armour
 c - an orb of light
 r - a +2 hat (worn)
 t - a scarf of repulsion (worn)
 w - a +0 cloak
 B - a +1 pair of boots (worn)
 C - a +0 leather armour of poison resistance
Magical Staves
 o - a staff of death
Jewellery
 j - an amulet of the acrobat
 u - a ring of willpower (left hand)
 E - a ring of willpower (right hand)
 G - an amulet of regeneration (around neck)
Wands
 n - a wand of charming (8)
 y - a wand of iceblast (8)
Scrolls
 d - a scroll of fog
 e - 2 scrolls of magic mapping
 k - a scroll of teleportation
Potions
 f - 3 potions of might
 h - a potion of flight {unknown}
 l - a potion of brilliance {unknown}
 m - a potion of ambrosia
 q - a potion of degeneration {unknown}
 s - 3 potions of mutation
 v - 3 potions of resistance
 x - 2 potions of berserk rage
 z - 2 potions of curing {unknown}
 A - a potion of attraction {unknown}


   Skills:
 + Level 1.0 Fighting
 + Level 1.4 Maces & Flails
 + Level 2.6 Dodging
 - Level 2.1 Stealth
 * Level 9.9 Spellcasting
 * Level 7.8 Conjurations
 + Level 0.4 Transmutations
 * Level 9.9 Fire Magic
 * Level 5.1 Poison Magic


You had 9 spell levels left.
You knew the following spells:

 Your Spells              Type           Power      Damage    Failure   Level
a - Foxfire               Conj/Fire      100%       2x1d9     1%          1
b - Scorch                Fire           94%        2d10      1%          2
c - Conjure Flame         Conj/Fire      43%        6-21      1%          3
d - Flame Wave            Conj/Fire      43%        2d9       1%          4
e - Sting                 Tmut/Pois      80%        1d7       2%          1
f - Olgreb's Toxic Radia  Pois           28%        N/A       9%          4
g - Ignite Poison         Fire/Tmut/Pois 29%        N/A       2%          3
h - Searing Ray           Conj           78%        2d7       1%          2

Your spell library contained the following spells:

 Spells                   Type           Power      Damage    Failure   Level
 Mephitic Cloud           Conj/Pois/Air  25%        N/A       3%          3
 Inner Flame              Hex/Fire       28%        N/A       3%          3
 Poisonous Vapours        Pois/Air       38%        N/A       4%          2
 Ozocubu's Armour         Ice            9%         N/A       22%         3
 Metabolic Englaciation   Hex/Ice        4%         N/A       91%         5
 Simulacrum               Ice/Necr       4%         N/A       100%        6


Dungeon Overview and Level Annotations

Branches:
Dungeon (10/15)            Temple (1/1) D:4            Lair (0/6) D:8
    Orc: D:9-12

Altars:
Ashenzari
Cheibriados
Dithmenos
Elyvilon
Fedhas
Hepliaklqana
Kikubaaqudgha
Makhleb
Nemelex Xobeh
Okawaru
Qazlal
Ru
Sif Muna
Trog
Uskayaw
Vehumet
Xom
Yredelemnul
Zin
The Shining One

Shops:
D:1 *   D:9 *

Annotations:
D:10 Maggie


Innate Abilities, Weirdness & Mutations

You are immune to sickness and miasma.
Your stone body is resilient. (AC +8)
You are immune to poison.
You resist negative energy. (rN+)
You are resistant to electric shocks. (rElec)
You are resistant to unholy torment.
You are immune to petrification.


Message History

Maggie attempts to bespell you! You resist with almost no effort.
You barely miss Maggie.
Maggie is heavily wounded.
Maggie mumbles some strange words.
Maggie attempts to bespell you! You resist with almost no effort.
Casting: Foxfire (safe; 1% risk of failure)
Confirm with . or Enter, or press ? or * to list all spells.
You conjure some foxfire!
Maggie hits you with a +1 vorpal scimitar.
* * * LOW HITPOINT WARNING * * *
x2 Unknown command.
You hit Maggie.
Maggie is heavily wounded.
The foxfire hits Maggie.
Maggie is severely wounded.
The foxfire hits Maggie.
Maggie is severely wounded.
Maggie gestures wildly while chanting.
Maggie attempts to bespell you! You resist with almost no effort.
You closely miss Maggie.
Maggie is severely wounded.
Maggie hits you with a +1 vorpal scimitar!
* * * LOW HITPOINT WARNING * * *
x2 You hit Maggie but do no damage.
Maggie is severely wounded.
Maggie mutters to herself, "Master Lance won't take me back.
This is the way forward."
Maggie hits you but does no damage.
Casting: Foxfire (safe; 1% risk of failure)
Confirm with . or Enter, or press ? or * to list all spells.
You conjure some foxfire!
Maggie hits you but does no damage.
Unknown command.
You hit Maggie but do no damage.
Maggie is severely wounded.
Maggie looks more healthy.
The foxfire hits Maggie but does no damage.
Maggie is severely wounded.
The foxfire hits Maggie.
Maggie is severely wounded.
Maggie hits you with a +1 vorpal scimitar!
You die...

########### ##
#.........# ####.+
#.........####...'#
#.........##§..###......
#.........#..### ...@.
#.......@@..## ....
#......§..### ...
######.#### .. #.# . #.#
#.# #.# ######'#####
#..........#


You could see Maggie.

Vanquished Creatures
  A centaur warrior (D:9)
  2 two-headed ogres
  A manticore (D:7)
  A gargoyle (D:10)
  A troll (D:9)
  6 yaks (D:8)
  A wyvern (D:8)
  A basilisk (D:8)
  2 water moccasins (D:8)
  2 sky beasts
  7 orc warriors
  2 black bears
  5 ice beasts
  An ogre (D:5)
  2 centaurs
  2 kobold brigands
  2 bullfrogs
  3 necrophages
  A scorpion (D:5)
  7 wights
  8 killer bees
  A howler monkey (D:9)
  5 orc priests
  A hound (D:6)
  4 jellies
  11 orc wizards
  9 adders
  A white imp (D:6)
  An ufetubus (D:4)
  4 dart slugs
  35 orcs
  5 endoplasms
  3 giant cockroaches
  4 goblins
  4 hobgoblins
  4 jackals (D:1)
  4 quokkas
  9 ball pythons
  3 bats (D:1)
  7 frilled lizards
  15 kobolds
  3 rats
191 creatures vanquished.

Vanquished Creatures (others)
  An orc wizard (D:4)
  684 foxfires
685 creatures vanquished.

Grand Total: 876 creatures vanquished

Notes
Turn   | Place    | Note
-------+----------+-------------------------------------------
     0 | D:1      | funkygono the Gargoyle Fire Elementalist began the quest
                  | for the Orb.
     0 | D:1      | Reached XP level 1. HP: 10/10 MP: 3/3
   124 | D:1      | Found Xysus's Assorted Antiques.
   197 | D:1      | Reached XP level 2. HP: 14/15 MP: 3/5
   224 | D:1      | Learned a level 2 spell: Scorch
   787 | D:1      | Found a faded altar of an unknown god.
   982 | D:1      | Reached XP level 3. HP: 19/19 MP: 4/6
   986 | D:1      | Learned a level 3 spell: Conjure Flame
  1150 | D:2      | Found a glowing silver altar of Zin.
  1964 | D:2      | Reached XP level 4. HP: 24/24 MP: 4/8
  2419 | D:3      | Noticed an ice beast
  2431 | D:2      | Killed an ice beast
  2432 | D:2      | Reached skill level 1 in Maces & Flails
  2432 | D:2      | Reached XP level 5. HP: 21/28 MP: 2/9
  2437 | D:2      | Learned a level 4 spell: Flame Wave
  3520 | D:4      | Noticed a black bear
  3531 | D:4      | Killed a black bear
  3532 | D:4      | Reached XP level 6. HP: 16/32 MP: 0/11
  3949 | D:4      | Reached skill level 5 in Fire Magic
  4622 | D:4      | Found a staircase to the Ecumenical Temple.
  4627 | D:4      | Reached XP level 7. HP: 27/37 MP: 7/13
  4665 | Temple   | Entered the Ecumenical Temple
  4748 | Temple   | Became a worshipper of Vehumet
  5258 | D:5      | Entered Level 5 of the Dungeon
  5443 | D:5      | Found a shadowy altar of Dithmenos.
  5626 | D:5      | Reached skill level 5 in Spellcasting
  5653 | D:5      | Reached XP level 8. HP: 42/42 MP: 0/15
  5759 | D:5      | Learned a level 1 spell: Sting
  5921 | D:5      | Found a hazy altar of Hepliaklqana.
  6211 | D:1      | Bought a pair of boots for 117 gold pieces
  6540 | D:6      | Found an ancient bone altar of Kikubaaqudgha.
  6729 | D:6      | Learned a level 4 spell: Olgreb's Toxic Radiance
  6919 | D:6      | Reached skill level 1 in Poison Magic
  7206 | D:6      | Found a sparkling altar of Nemelex Xobeh.
  7272 | D:6      | Found a broken altar of Ashenzari.
  7425 | D:7      | Reached skill level 5 in Conjurations
  7844 | D:7      | Reached XP level 9. HP: 13/46 MP: 7/19
  7852 | D:6      | Reached * piety under Vehumet
  7852 | D:6      | Offered knowledge of Freeze by Vehumet.
  8716 | D:7      | Noticed a manticore
  8726 | D:7      | Killed a manticore
  9033 | D:7      | Found a burning altar of Makhleb.
  9472 | D:7      | Found a shimmering blue altar of Sif Muna.
  9734 | D:8      | Offered knowledge of Searing Ray by Vehumet.
  9735 | D:8      | Reached XP level 10. HP: 20/51 MP: 9/22
  9935 | D:8      | Noticed a two-headed ogre
  9958 | D:8      | Killed a two-headed ogre
 10252 | D:8      | Reached ** piety under Vehumet
 10640 | D:8      | Found a staircase to the Lair.
 10688 | D:8      | Reached skill level 1 in Fighting
 11240 | D:8      | Got the Handbook of Ignition
 11245 | D:8      | Learned a level 3 spell: Ignite Poison
 11248 | D:8      | Learned a level 2 spell: Searing Ray
 11533 | D:9      | Noticed a centaur warrior
 11540 | D:9      | Killed a centaur warrior
 11957 | D:9      | Found Xucomoav's General Store.
 12175 | D:9      | Offered knowledge of Mephitic Cloud by Vehumet.
 12176 | D:9      | Reached XP level 11. HP: 39/56 MP: 11/24
 12456 | D:10     | Entered Level 10 of the Dungeon
 12518 | D:10     | Reached skill level 5 in Poison Magic
 12643 | D:10     | Noticed a two-headed ogre
 12646 | D:10     | Noticed Maggie
 12656 | D:10     | Killed a two-headed ogre
 12678 | D:10     | Mangled by Maggie

Illustrated notes

Levels and vault maps discovered:
D:1:      erik_arrival_blinker_ship, layout_basic, serial_shops, shop,
          chequers_ecumenical_altar_simple_redux
D:2:      layout_basic, basic_altar, serial_aquarium, aquarium_bridge_square
          [aquarium_subvault_bridge, aquarium_subvault_bridge,
          aquarium_subvault_bridge, aquarium_subvault_wall],
          aquarium_bridge_straight [aquarium_subvault_bridge,
          aquarium_subvault_window, aquarium_subvault_bridge,
          aquarium_subvault_wall], aquarium_window_fake, aquarium_window_1,
          aquarium_window_fake, aquarium_view_2b, aquarium_pool_1
D:3:      layout_loops_corners
D:4:      nicolae_BIG_FREAKIN_CUBE, layout_basic,
          minmay_temple_entry_proselytizer, minmay_a_box_with_orc_wizards_in_it
D:5:      layout_rooms, grunt_dithmenos_smoke_and_mirrors,
          mainiacjoe_overflow_brackets
D:6:      layout_basic, mainiacjoe_overflow_big_doors,
          mainiacjoe_overflow_six_doors_small
D:7:      layout_basic, lemuel_coloured_pillars_altar, general_overflow_altar,
          enter_bailey_2, minivault_26
D:8:      layout_cave_pods, david_lair_generic, hangedman_abyss_or_decor_stagger
D:9:      layout_grid_maze, serial_shops, nicolae_shop_crystal
D:10:     layout_roguey, kennysheep_mini,
          mainiacjoe_overflow_concentric_impassable, minmay_st_funbox,
          minivault_25_ag, corexii_checkpoint_a, uniq_maggie, uniq_urug,
          uniq_psyche
Temple:   oiseaux_autumnal_temple

Skill      XL: |  1  2  3  4  5  6  7  8  9 10 11 |
---------------+----------------------------------+-----
Fire Magic     | 4 5 6 8 9 |  9.9
Maces & Flails | 1 |  1.4
Spellcasting   | 3 4 5 6 8 9 |  9.9
Conjurations   | 2 3 4 5 6 7 |  7.8
Poison Magic   | 2 4 5 |  5.1
Dodging        | 2 |  2.6
Fighting       | 1 |  1.0
Stealth        | |  2.1
Transmutations | |  0.4

Action                   |  1- 3 |  4- 6 |  7- 9 | 10-12 || total
-------------------------+-------+-------+-------+-------++-------
Melee: Whip              |     6 |     4 |     9 |    14 ||    33
 Cast: Foxfire           |    52 |    72 |   182 |    91 ||   397
       Scorch            |     5 |    13 |    34 |    28 ||    80
       Conjure Flame     |       |       |     4 |       ||     4
       Flame Wave        |       |       |     5 |     4 ||     9
       Sting             |       |       |     5 |     7 ||    12
       Olgreb's Toxic Ra |       |       |       |     9 ||     9
       Ignite Poison     |       |       |       |     5 ||     5
  Use: Potion            |       |     2 |       |       ||     2
       Scroll            |       |       |    17 |     5 ||    22
Armor: Robe              |    10 |    25 |    18 |    16 ||    69
Dodge: Dodged            |     8 |    19 |    27 |    48 ||   102
       Repelled          |       |     1 |       |     2 ||     3

Table legend: (Time is in decaauts)
 A = Elapsed time spent in this place.
 B = Non-inter-level travel time spent in this place.
 C = Inter-level travel time spent in this place.
 D = Time resting spent in this place.
 E = Time spent auto-exploring this place.
 F = Levels seen in this place.
 G = Mean time per level.
                   A        B        C        D        E       F      G
               +--------+--------+--------+--------+--------+-----+--------+
         Total |  12692 |  12160 |    532 |   1402 |   9051 |  11 | 1153.8 |
       Dungeon |  12347 |  11849 |    498 |   1402 |   8760 |  10 | 1234.7 |
        Temple |    345 |    311 |     34 |      0 |    291 |   1 |  345.0 |
               +--------+--------+--------+--------+--------+-----+--------+

Top non-repeatable levels by time:
     D:8: 1767 daAuts
     D:7: 1619 daAuts
     D:6: 1567 daAuts
     D:2: 1498 daAuts
     D:3: 1260 daAuts
     D:4: 1250 daAuts
     D:1: 1164 daAuts
     D:9: 1143 daAuts
     D:5: 853 daAuts
  Temple: 345 daAuts
    D:10: 222 daAuts
